 Dungeon Crawl Stone Soup version 0.30-a0-241-g1121274140 (webtiles) character file.

Game seed: 16036848371756983852

109 qw the Chopper (level 4, -1/28 HPs)
             Began as a Gargoyle Fighter on Oct 10, 2022.
             Slain by Sigmund
             ... wielding a +0 scythe
              (6 damage)
             ... on level 3 of the Dungeon.
             The game lasted 00:00:41 (1731 turns).

qw the Chopper (Gargoyle Fighter)                   Turns: 1731, Time: 00:00:42

Health: -1/28      AC: 11    Str: 21    XL:     4   Next: 90%
Magic:  4/4        EV:  9    Int:  9    God:
Gold:   133        SH:  4    Dex:  9    Spells: 3/3 levels left

rFire   . . .      SeeInvis .    Y - +0 war axe
rCold   . . .      Faith    .    c - +0 buckler
rNeg    + . .      Spirit   .    b - +0 scale mail
rPois   inf        Reflect  .    e - +0 helmet
rElec   +          Harm     .    (no cloak)
rCorr   .          Rampage  .    (no gloves)
Will    .....                    (no boots)
Stlth   ..........               (no amulet)
HPRegen 0.24/turn                (no ring)
MPRegen 0.09/turn                (no ring)

@: no status effects
A: sickness immunity, AC +3, negative energy resistance 1, electricity
resistance, torment resistance 1, petrification resistance
a: no special abilities


You were on level 3 of the Dungeon.
You visited 1 branch of the dungeon, and saw 3 of its levels.

You collected 133 gold pieces.


Innate Abilities, Weirdness & Mutations

You are immune to sickness and miasma.
Your stone body is resilient. (AC +3)
You are immune to poison.
You resist negative energy. (rN+)
You are resistant to electric shocks. (rElec)
You are resistant to unholy torment.
You are immune to petrification.


   Skills:
 - Level 3.2 Fighting
 + Level 4.2 Axes
 - Level 1.0 Throwing
 - Level 3.2 Armour
 - Level 3.2 Shields


You had 3 spell levels left.
You didn't know any spells.
Your spell library was empty.

Inventory:

Hand Weapons
 f - a +0 club
 Y - a +0 war axe (weapon)
Missiles
 g - 3 boomerangs
 k - a javelin (quivered)
Armour
 b - a +0 scale mail (worn)
 c - a +0 buckler (worn)
 e - a +0 helmet (worn)
Potions
 d - 3 potions of might
 j - a potion of berserk rage {unknown}
 l - a potion of curing {unknown}
 m - a potion of lignification {unknown}

Dungeon Overview and Level Annotations

Branches:
Dungeon (3/15)

Altars:

Shops:
D:1 *

Annotations:
D:3 Sigmund


Message History

You slash the hobgoblin!
You kill the hobgoblin!
You hit the adder. The adder barely misses you.
The gnoll throws a throwing net.
The throwing net barely misses you. The adder bites you but does no damage.
You barely miss the adder.
The adder is lightly wounded.
The adder bites you but does no damage. The gnoll barely misses you.
You miss the adder.
The adder is lightly wounded.
The adder bites you but does no damage. The gnoll hits you but does no damage.
You block the adder's attack.
The gnoll hits you from afar with a +0 spear.
1726 ||| READING scroll of teleportation.
As you read the scroll of teleportation, it crumbles to dust.
You feel strangely unstable.
The adder bites you but does no damage. x2
The gnoll hits you but does no damage.
You slash the adder!
The adder is almost dead.
The adder bites you but does no damage. The gnoll barely misses you.
You barely miss the adder.
The adder is almost dead.
The adder barely misses you. You block the gnoll's attack.
You block the adder's attack.
You barely miss the adder.
The adder is almost dead.
Your surroundings suddenly seem different.
A dart slug comes into view.
Found 2 black potions.
The dart slug launches a dart at you.
The slug dart hits you but does no damage.
Sigmund the Dreaded comes into view.
He is wielding a +0 scythe.
Found a halberd.
Sigmund shouts!
Sigmund says, "Look into my eyes."
The dart slug launches a dart at you. The slug dart hits you.
Sigmund hits you with a +0 scythe.
You die...

#. #. #.### ..!.
..# .. #.## ....
.## #..##.....
.....###.......#
#...@@..#.....
#.##..#.......
##..#w.....
##..#.....
.P..P. #.#....)
.P...P .. ....
...... ......#
....P. ..# .P.P


P You could see Sigmund and a dart slug.

Vanquished Creatures
  2 gnolls (D:3)
  3 adders
  A worm (D:2)
  2 dart slugs
  An orc (D:2)
  2 ball pythons (D:2)
  A bat (D:2)
  6 endoplasms
  5 giant cockroaches
  8 goblins
  7 hobgoblins
  A quokka (D:2)
  2 frilled lizards
  5 kobolds
  8 rats
54 creatures vanquished.

Vanquished Creatures (others)
  10 plants (D:3)
10 creatures vanquished.

Grand Total: 64 creatures vanquished

Notes
Turn   | Place    | Note
-------+----------+-------------------------------------------
     0 | D:1      | qw the Gargoyle Fighter began the quest for the Orb.
     0 | D:1      | Reached XP level 1. HP: 14/14 MP: 1/1
     0 | D:1      | 0 ||| qw: Version: 0.2-a-17-g06abaee
     0 | D:1      | 0 ||| qw: Game counter: 2372
     0 | D:1      | 0 ||| qw: Always use a shield: true
     0 | D:1      | 0 ||| qw: God list: Okawaru
     0 | D:1      | 0 ||| qw: Allow faded altars: false
     0 | D:1      | 0 ||| qw: Do Orc after D:15 true
     0 | D:1      | 0 ||| qw: Do second Lair branch before Depths: true
     0 | D:1      | 0 ||| qw: Lair rune preference: random
     0 | D:1      | 0 ||| qw: Plans: Normal, Zot:1-4, God:TSO, Crypt, Tomb,
                  | Pan, Slime:5, Hells, Abyss, Orb
     0 | D:1      | 0 ||| PLANNING D:1-11
    84 | D:1      | Reached skill level 2 in Axes
   167 | D:1      | Reached XP level 2. HP: 19/19 MP: 2/2
   204 | D:1      | Found Poxih's Assorted Antiques.
   212 | D:1      | 212 ||| SHOPLISTING glowing emerald ring (120 gold, have
                  | 18).
   212 | D:1      | 212 ||| SHOPLISTING plate armour (552 gold, have 18).
   212 | D:1      | 212 ||| SHOPLISTING runed flail (156 gold, have 18).
   212 | D:1      | 212 ||| SHOPLISTING scroll labelled FACOPNAFAB (24 gold,
                  | have 18).
   537 | D:1      | 537 ||| Stepping ~*~*~tactically~*~*~ (stealth).
   539 | D:1      | 539 ||| Stepping ~*~*~tactically~*~*~ (hiding).
   540 | D:1      | 540 ||| Stepping ~*~*~tactically~*~*~ (hiding).
   552 | D:1      | Reached skill level 3 in Axes
   656 | D:1      | Reached XP level 3. HP: 18/23 MP: 3/3
   849 | D:1      | 849 ||| UPGRADING to +0 helmet.
   854 | D:1      | 854 ||| READING scroll labelled FACOPNAFAB.
   855 | D:1      | 855 ||| READING scroll labelled SAMAHY HERUPICS.
   860 | D:1      | 860 ||| READING scroll labelled WANLOI KOFUELL.
   955 | D:2      | 955 ||| Stepping ~*~*~tactically~*~*~ (stealth).
   956 | D:2      | 956 ||| Stepping ~*~*~tactically~*~*~ (stealth).
  1049 | D:2      | Reached XP level 4. HP: 28/28 MP: 4/4
  1316 | D:2      | 1316 ||| Stepping ~*~*~tactically~*~*~ (hiding).
  1626 | D:2      | 1626 ||| READING scroll labelled PORUEKKY DODI.
  1627 | D:2      | 1627 ||| READING 2 scrolls labelled CIUPYG YCRUANK.
  1628 | D:2      | 1628 ||| DROPPING scroll of fear.
  1693 | D:3      | Reached skill level 1 in Throwing
  1704 | D:3      | 1704 ||| Stepping ~*~*~tactically~*~*~ (stealth).
  1706 | D:3      | 1706 ||| Stepping ~*~*~tactically~*~*~ (hiding).
  1712 | D:3      | Reached skill level 4 in Axes
  1725 | D:3      | HP: 5/28 [gnoll/+0 spear (5)]
  1726 | D:3      | 1726 ||| READING scroll of teleportation.
  1730 | D:3      | Noticed Sigmund
  1730 | D:3      | HP: 4/28 [dart slug/slug dart (2)]
  1731 | D:3      | Slain by Sigmund

Levels and vault maps discovered:
D:1:      eino_arrival_water_cross, layout_basic, serial_shops, shop
D:2:      layout_loops_ring
D:3:      layout_rooms, lemuel_tele_altar,
          shapermc_ecumenical_altar_mp_vishouse, amcnicky_mini_pool_small,
          nicolae_grassy_gnolls, uniq_sigmund

Skill      XL: |  1  2  3  4 |
---------------+-------------+-----
Axes           | 2 3 4 |  4.2
Throwing       | 1 |  1.0
Fighting       | |  3.2
Armour         | |  3.2
Shields        | |  3.2

Action                   |  1- 3 |  4- 6 || total
-------------------------+-------+-------++-------
Melee: War axe           |    77 |    39 ||   116
Throw: Boomerang         |    49 |    10 ||    59
       Javelin           |       |    12 ||    12
  Use: Scroll            |     3 |     3 ||     6
Armor: Scale mail        |    28 |    36 ||    64
Dodge: Dodged            |    29 |    27 ||    56
Block: Buckler           |    16 |     7 ||    23

Table legend:
 A = Non-vault XP
 B = Vault XP
 C = Vault XP percentage of total XP
 D = Non-vault monster count
 E = Vault monster count
 F = Vault count percentage of total count
                 A         B        C        D         E       F
            +---------+---------+-------+---------+---------+-------
      Total |     129 |      28 |  17.8 |      52 |       2 |   3.7
            +---------+---------+-------+---------+---------+-------
        D:1 |      42 |       0 |   0.0 |      24 |       0 |   0.0
        D:2 |      67 |       0 |   0.0 |      23 |       0 |   0.0
        D:3 |      20 |      28 |  58.3 |       5 |       2 |  28.6
            +---------+---------+-------+---------+---------+-------
